 Dungeon Crawl Stone Soup version 0.25-a0-163-g00f8f0cddd (webtiles) character file.

Game seed: 3240732227998364797, levelgen mode: deterministic

3655 RedPan the Frost Mage (level 9, 0/71 HPs)
             Began as a Green Draconian Ice Elementalist on Nov 22, 2019.
             Was a Believer of Sif Muna.
             Slain by an unseen horror (12 damage)
             ... on level 8 of the Dungeon.
             The game lasted 00:21:23 (8472 turns).

RedPan the Frost Mage (DrIE)                        Turns: 8472, Time: 00:21:24

Health: 0/71       AC:  9    Str: 11    XL:     9   Next: 88%
Magic:  19/20      EV: 13    Int: 18    God:    Sif Muna [**....]
Gold:   454        SH:  0    Dex: 16    Spells: 7/22 levels left

rFire    . . .     SeeInvis .   l - +4 short sword
rCold    . . .     Gourm    .   (no shield)
rNeg     . . .     Faith    .   (armour unavailable)
rPois    +         Spirit   .   (helmet restricted)
rElec    .         Reflect  .   s - +0 cloak
rCorr    .         Harm     .   w - +0 pair of gloves
MR       .....                  (no boots)
Stlth    ++........             j - amulet of regeneration
HPRegen  0.61/turn              u - +4 ring of dexterity
MPRegen  0.17/turn              v - ring of wizardry

@: flying
A: breathe noxious fumes, unfitting armour, poison resistance, cold-blooded, AC
+7
a: Breathe Noxious Fumes, Channel Magic, Renounce Religion


You were on level 8 of the Dungeon.
You worshipped Sif Muna.
Sif Muna was pleased with you.
You were not hungry.

You visited 2 branches of the dungeon, and saw 12 of its levels.

You collected 552 gold pieces.
You spent 98 gold pieces at shops.

Inventory:

Hand Weapons
 k - a +2 whip of electrocution
 l - a +4 short sword (weapon)
Armour
 s - a +0 cloak (worn)
 w - a +0 pair of gloves (worn)
Jewellery
 g - an uncursed ring of fire
 j - an amulet of regeneration (around neck)
 u - a +4 ring of dexterity (left hand)
 v - a ring of wizardry (right hand)
Wands
 d - a wand of polymorph (8)
 r - a wand of flame (17)
 t - a wand of disintegration (20)
Scrolls
 c - 5 scrolls of teleportation
 f - 2 scrolls of immolation
 m - 6 scrolls of remove curse
 o - a scroll of amnesia
 p - 2 scrolls of magic mapping
 y - a scroll of enchant weapon
 z - a scroll of identify
Potions
 h - a potion of magic
 i - a potion of brilliance
 n - a potion of agility
 q - 4 potions of lignification
Comestibles
 a - 9 chunks of flesh
 b - 13 rations


   Skills:
 - Level 4.0 Fighting
 + Level 2.8 Dodging
 - Level 2.0 Stealth
 + Level 7.3 Spellcasting
 + Level 3.4 Conjurations
 - Level 6.3 Summonings
 - Level 8.0 Ice Magic
 - Level 4.0 Poison Magic


You had 7 spell levels left.
You knew the following spells:

 Your Spells              Type           Power        Failure   Level  Hunger
a - Freeze                Ice            ####         1%          1    None
b - Summon Ice Beast      Ice/Summ       ####....     2%          4    ###....
c - Throw Icicle          Conj/Ice       ####....     4%          4    ###....
d - Ozocubu's Armour      Chrm/Ice       ###.....     2%          3    #......
e - Mephitic Cloud        Conj/Pois/Air  ###.....     4%          3    #......

Your spell library contained the following spells:

 Spells                   Type           Power        Failure   Level  Hunger
 Sting                    Conj/Pois      ###.         1%          1    None
 Throw Frost              Conj/Ice       ####..       1%          2    None
 Poisonous Vapours        Pois/Air       ##....       2%          2    None
 Olgreb's Toxic Radiance  Pois           ###.....     9%          4    ###....
 Venom Bolt               Conj/Pois      ###.......   26%         5    #####..


Dungeon Overview and Level Annotations

Branches:
Dungeon (11/15)            Temple (1/1) D:6            Lair (0/6) D:10
    Orc: D:9-12

Altars:
Ashenzari
Cheibriados
Dithmenos
Elyvilon
Fedhas
Gozag
Hepliaklqana
Kikubaaqudgha
Makhleb
Nemelex Xobeh
Qazlal
Ru
Sif Muna
Uskayaw
Vehumet
Wu Jian
Xom
Yredelemnul
Zin
The Shining One

Shops:
D:4 *

Annotations:
D:10 Harold


Innate Abilities, Weirdness & Mutations

You can breathe blasts of noxious fumes.
Your lurid green scales are hard. (AC +7)
You cannot fit into any form of body armour.
Your system is resistant to poisons. (rPois)
You are cold-blooded and may be slowed by cold attacks.


Message History

You hit something.
Something hits you but does no damage. x2
You hit something but do no damage. Something hits you. Something hits you!
Something hits you.
You miss something. You tail-slap something. Something hits you.
Something hits you!
* * * LOW HITPOINT WARNING * * *
Something hits you.
* * * LOW HITPOINT WARNING * * *
Casting: Summon Ice Beast (safe; 2% risk of failure)
Confirm with . or Enter, or press ? or * to list all spells.
Aiming: Freeze (safe; 1% risk of failure)
Press: ? - help, Shift-Dir - straight line You freeze something!
Something hits you.
* * * LOW HITPOINT WARNING * * *
You feel better. Something hits you but does no damage. Something hits you!
* * * LOW HITPOINT WARNING * * *
It was a potion of flight.
You feel very buoyant.
You fly up into the air.
Something hits you!
You die...

###...### #.......##
#........# ........#
#....# #....# ... .
#.#.## ...♣._ #{#.#
#..... ######@#.#
#≈..♣ #........# ≈≈..
#.###...## #..
#.##.....# #.
#........# #.
####.....# ########
##....# ........
##...# ........
######.#######.#####.


There were no monsters in sight!

Vanquished Creatures
  A vampire (D:9)
  A necrophage (D:9)
  A phantom (D:9)
  An ogre (D:5)
  3 centaurs
  3 bullfrogs
  3 scorpions
  A killer bee (D:7)
  A howler monkey (D:4)
  5 crimson imps
  2 jellies
  A bullfrog zombie (D:10)
  5 hounds
  4 orc priests
  6 orc wizards
  7 bullfrog skeletons
  An iguana (D:8)
  8 worker ants
  A killer bee zombie (D:6)
  A worker ant zombie (D:9)
  6 gnolls
  A howler monkey skeleton (D:4)
  7 adders
  4 adder skeletons
  3 worms
  2 dart slugs (D:1)
  6 leopard geckos
  28 orcs
  17 giant cockroaches
  9 goblins
  7 hobgoblins
  A jackal (D:3)
  8 kobolds
  A quokka (D:6)
  2 ball pythons
  12 bats
  5 frilled lizards
  A leopard gecko zombie (D:7)
  8 rats
184 creatures vanquished.

Vanquished Creatures (collateral kills)
  A troll (D:10)
  Prince Ribbit (D:7)
  Grinder (D:6)
  A hippogriff (D:7)
  2 orc warriors (D:7)
  2 ogres
  3 necrophages (D:9)
  A centaur (D:9)
  A big kobold (D:9)
  A bullfrog (D:8)
  3 killer bees (D:7)
  A bullfrog zombie (D:7)
  A hound (D:5)
  3 orc priests
  A worker ant (D:9)
  A killer bee zombie (D:7)
  A hound zombie (D:7)
  A mummy (D:6)
  2 gnolls (D:7)
  2 adders (D:9)
  An adder zombie (D:9)
  19 orcs
  7 kobolds (D:9)
  A quokka skeleton (D:6)
58 creatures vanquished.

Vanquished Creatures (others)
  5 bushes (D:9)
  15 plants
20 creatures vanquished.

Grand Total: 262 creatures vanquished

Notes
Turn   | Place    | Note
-------+----------+-------------------------------------------
     0 | D:1      | RedPan the Draconian Ice Elementalist began the quest for
                  | the Orb.
     0 | D:1      | Reached XP level 1. HP: 14/14 MP: 3/3
    81 | D:1      | Reached XP level 2. HP: 14/20 MP: 0/5
   770 | D:1      | Reached XP level 3. HP: 25/26 MP: 4/6
  1577 | D:2      | Reached XP level 4. HP: 33/33 MP: 5/8
  1583 | D:2      | Learned a level 4 spell: Summon Ice Beast
  1748 | D:2      | Reached skill level 4 in Ice Magic
  2215 | D:3      | Reached skill level 1 in Summonings
  2431 | D:3      | Found a faded altar of an unknown god.
  2699 | D:3      | Found a basalt altar of Yredelemnul.
  2942 | D:4      | Reached XP level 5. HP: 38/38 MP: 5/10
  3133 | D:4      | Found Wuqeq's Assorted Antiques.
  3136 | D:4      | Bought a scroll labeled ARPHAT TOPHE for 26 gold pieces
  3136 | D:4      | Bought an inky potion for 23 gold pieces
  3136 | D:4      | Bought a scroll labeled MINLAEDDULL for 26 gold pieces
  3136 | D:4      | Bought a sedimented grey potion for 23 gold pieces
  3157 | D:4      | Reached XP level 6. HP: 21/45 MP: 4/11
  3294 | D:4      | Found a hide-covered altar of Uskayaw.
  3350 | D:4      | Reached skill level 5 in Ice Magic
  3744 | D:5      | Entered Level 5 of the Dungeon
  3930 | D:5      | Your scales start taking on a lurid green colour.
  3930 | D:5      | Reached XP level 7. HP: 50/50 MP: 13/13
  3930 | D:5      | Gained mutation: Your system is resistant to poisons.
                  | (rPois) [Green Draconian growth]
  4371 | D:5      | Reached skill level 5 in Spellcasting
  4379 | D:5      | Reached skill level 6 in Ice Magic
  4387 | D:5      | Found a glowing golden altar of the Shining One.
  4920 | D:6      | Reached XP level 8. HP: 47/57 MP: 13/15
  4932 | D:6      | Found a sacrificial altar of Ru.
  5045 | D:6      | Found a staircase to the Ecumenical Temple.
  5045 | D:6      | Noticed Grinder
  5081 | D:6      | Killed Grinder
  5081 | D:6      | Reached skill level 5 in Summonings
  5182 | Temple   | Entered the Ecumenical Temple
  5403 | Temple   | Became a worshipper of Sif Muna the Loreminder
  5478 | D:6      | Found a snail-covered altar of Cheibriados.
  5916 | D:6      | Found an ornate altar of the Wu Jian Council.
  5992 | D:6      | Reached skill level 7 in Ice Magic
  6056 | D:6      | Learned a level 4 spell: Throw Icicle
  6060 | D:6      | Learned a level 3 spell: Ozocubu's Armour
  6114 | D:7      | Reached skill level 1 in Fighting
  6120 | D:7      | Noticed a hippogriff
  6149 | D:7      | Killed a hippogriff
  6322 | D:7      | Reached * piety under Sif Muna
  6332 | D:7      | Reached XP level 9. HP: 57/67 MP: 7/18
  6725 | D:7      | Learned a level 3 spell: Mephitic Cloud
  6763 | D:7      | Noticed Prince Ribbit
  6775 | D:7      | Killed Prince Ribbit
  6900 | D:7      | Found a burning altar of Makhleb.
  7093 | D:8      | Found a white marble altar of Elyvilon.
  7122 | D:8      | Reached skill level 1 in Poison Magic
  7140 | D:8      | You fall into a shaft and drop 3 floors!
  7147 | D:10     | Entered Level 10 of the Dungeon
  7230 | D:10     | Found a staircase to the Lair.
  7231 | D:10     | Noticed a komodo dragon
  7353 | D:10     | Noticed a troll
  7360 | D:10     | Noticed Harold
  7360 | D:10     | Killed a troll
  7550 | D:9      | Reached ** piety under Sif Muna
  7662 | D:9      | Reached skill level 8 in Ice Magic
  7911 | D:9      | Found a radiant altar of Vehumet.
  8082 | D:9      | Found a blossoming altar of Fedhas.
  8472 | D:8      | Slain by an unseen horror

Levels and vault maps discovered:
D:1:      lordsloth_arrival_two_stooges, layout_basic, hangedman_decor_lopped,
          kennysheep_decorative_pillar, chequers_hall_statues_wall_a,
          minmay_pentomino_o2
D:2:      minmay_roachtagon, layout_loops_ring, first_ration
D:3:      layout_loops_ring, yredelemnul_altar_generic,
          chequers_ecumenical_altar_island, minmay_increasing_density
D:4:      minmay_inner_zag, layout_rooms, lemuel_crystal_altar, serial_shops,
          nicolae_shop_behind_doors, due_unseen_surprise
D:5:      layout_loops_corners, nicolae_tso_carved_into_rock
D:6:      layout_basic, slow_altar_1, nicolae_overflow_crystal_walls,
          kennysheep_mini_moat, minmay_temple_entry_hall, uniq_grinder
D:7:      layout_loops_ring, bloody_makhleb, serial_glass, glass_columns_a,
          glass_columns_b, minmay_misc_feat_diagonals, uniq_prince_ribbit1
D:8:      layout_loops_ring, elyvilon_altar_4, marbit_many_paths, uniq_maurice
D:9:      layout_roguey [special_room_orc], nicolae_overflow_hidden_temple,
          fedhas_altar_decomposition, kennysheep_mini
D:10:     layout_cave_pools, david_lair_shrubbed, enter_trove_5, the_bakery,
          chequers_serial_rivers_room_b, grunt_decor_arrowhead, uniq_harold
D:11:     layout_basic, serial_shops, nicolae_shop_behind_doors, minivault_1,
          minmay_misc_feat_alley, eino_tiny_chamber
Temple:   dpeg_chambers_temple

Skill      XL: |  1  2  3  4  5  6  7  8  9 |
---------------+----------------------------+-----
Dodging        | 2 |  2.8
Stealth        | 2 |  2.0
Spellcasting   | 3 4 5 6 7 |  7.3
Ice Magic      | 4 5 6 7 8 |  8.0
Summonings     | 1 2 3 4 6 |  6.3
Fighting       | 2 4 |  4.0
Poison Magic   | 4 |  4.0
Conjurations   | 3 |  3.4

Action                   |  1- 3 |  4- 6 |  7- 9 || total
-------------------------+-------+-------+-------++-------
Melee: Unarmed           |     3 |       |       ||     3
       Club              |     2 |       |       ||     2
       Tailslap          |     4 |    10 |    59 ||    73
       Dagger            |    48 |       |       ||    48
       Short sword       |       |    97 |   337 ||   434
 Cast: Freeze            |    68 |    87 |   127 ||   282
       Summon Ice Beast  |       |     1 |    37 ||    38
  Use: Scroll            |     3 |    11 |     4 ||    18
       Potion            |       |       |     4 ||     4
 Stab: Sleeping          |     1 |     3 |     4 ||     8
       Distracted        |       |       |     1 ||     1
  Eat: Chunk             |     3 |     7 |    20 ||    30
Armor: Skin              |    28 |    56 |   157 ||   241
Dodge: Dodged            |    76 |   122 |   280 ||   478

Table legend:
 A = Non-vault XP
 B = Vault XP
 C = Vault XP percentage of total XP
 D = Non-vault monster count
 E = Vault monster count
 F = Vault count percentage of total count
                 A         B        C        D         E       F
            +---------+---------+-------+---------+---------+-------
      Total |    4314 |     908 |  17.4 |     187 |      55 |  22.7
            +---------+---------+-------+---------+---------+-------
        D:1 |      49 |       3 |   5.8 |      27 |       2 |   6.9
        D:2 |      62 |      22 |  26.2 |      26 |      11 |  29.7
        D:3 |      34 |       6 |  15.0 |      10 |       4 |  28.6
        D:4 |     445 |      69 |  13.4 |      19 |       3 |  13.6
        D:5 |     597 |       0 |   0.0 |      18 |       0 |   0.0
        D:6 |     724 |     221 |  23.4 |      18 |       2 |  10.0
        D:7 |     953 |     139 |  12.7 |      32 |       1 |   3.0
        D:8 |     267 |      90 |  25.2 |       9 |       1 |  10.0
        D:9 |     794 |     358 |  31.1 |      23 |      31 |  57.4
       D:10 |     389 |       0 |   0.0 |       5 |       0 |   0.0
            +---------+---------+-------+---------+---------+-------
